 Dungeon Crawl Stone Soup version 0.17-b1-15-g0f5fb43 (webtiles) character file.

383 Cookie the Covered (level 6, 0/47 HPs)
             Began as a Demonspawn Fighter on Nov 7, 2015.
             Was a Follower of Kikubaaqudgha.
             Killed by nerve-wracking pain
             ... invoked by an orc priest
              (5 damage)
             ... on level 4 of the Dungeon.
             The game lasted 00:08:57 (3263 turns).

Cookie the Covered (Demonspawn Fighter)             Turns: 3263, Time: 00:08:57

Health: 0/47       AC:  8    Str: 16    XL:     6   Next: 47%
Magic:  6/6        EV:  9    Int: 11    God:    Kikubaaqudgha [*.....]
Gold:   74         SH:  0    Dex: 13    Spells: 0 memorised, 5 levels left

rFire  . . .     SeeInvis .     a - +0 trident
rCold  . . .     Clarity  .     b - +0 scale mail
rNeg   . . .     SustAt   .     (no shield)
rPois  .         Gourm    .     (no helmet)
rElec  .         Spirit   .     (no cloak)
rCorr  .         Warding  .     (no gloves)
rMut   .         Stasis   .     o - +0 pair of boots
MR     .....                    (no amulet)
Stlth  ..........               (no ring)
                                (no ring)

@: not resistant to hostile enchantments, extremely unstealthy
A: spiny 1, rot immunity
a: Receive Corpses, Renounce Religion


You were on level 4 of the Dungeon.
You worshipped Kikubaaqudgha.
Kikubaaqudgha was aware of your devotion.
You were not hungry.

You visited 1 branch of the dungeon, and saw 4 of its levels.

You collected 74 gold pieces.

Inventory:

Hand Weapons
 a - a +0 trident (weapon)
 y - a +0 halberd
Missiles
 x - a throwing net (quivered)
Armour
 b - a +0 scale mail (worn)
 o - a +0 pair of boots (worn)
 v - a +1 leather armour of poison resistance
 z - a +0 ring mail
Jewellery
 c - an uncursed ring of positive energy {unknown}
 h - an uncursed ring of protection from magic {unknown}
Scrolls
 f - a scroll of magic mapping {unknown}
 i - a scroll of fear {unknown}
 j - 2 scrolls of amnesia {unknown}
 k - 4 scrolls of recharging {unknown}
 n - 2 scrolls of identify {unknown}
 q - a scroll of enchant weapon {unknown}
 u - 2 scrolls of remove curse {unknown}
 C - a scroll of random uselessness {unknown}
Potions
 d - a potion of might
 g - 2 potions of agility {unknown}
 l - a potion of curing {unknown}
 m - a potion of brilliance {unknown}
 p - 3 potions of poison {unknown}
 r - a potion of resistance {unknown}
 A - a potion of ambrosia {unknown}
 B - a potion of heal wounds {unknown}
Books
 t - Kikubaaqudgha's Compendium of Black Rituals
   (Kikubaaqudgha gifted it to you on level 3 of the Dungeon)

   Spells                             Type                      Level
   a - Animate Skeleton               Necromancy                   1
   b - Corpse Rot                     Necromancy                   2
   c - Sublimation of Blood           Necromancy                   2
   d - Vampiric Draining              Necromancy                   3
   e - Control Undead                 Necromancy                   4
Comestibles
 e - 4 bread rations
 s - a slice of pizza


   Skills:
 - Level 3.0 Fighting
 + Level 3.0 Polearms
 - Level 6.2 Armour
   Level 2.6 Shields


You had 5 spell levels left.
You didn't know any spells.

Dungeon Overview and Level Annotations

Branches:
Dungeon (4/15)
 Temple: D:4-7

Altars:
Ashenzari
Kikubaaqudgha
Nemelex Xobeh
Okawaru
Qazlal


Innate Abilities, Weirdness & Mutations

You are partially covered in sharp spines.
You are immune to rotting.


Message History

The quokka is struck by your spines.
You kill the quokka!
Kikubaaqudgha accepts your kill.
The orc priest invokes the aid of Beogh against you.
Something smites you!
* * * LOW HITPOINT WARNING * * *
Attack whom?
Press: ? - help, Dir - move target cursor, f - orc priest
Aim: an orc priest, wielding a flail You reach to attack!
You hit the orc priest.
The orc priest is lightly wounded.
Attack whom?
Press: ? - help, Dir - move target cursor, f/p - orc priest
Aim: an orc priest, wielding a flail (lightly wounded)
You reach to attack!
You hit the orc priest.
The orc priest is moderately wounded.
The orc priest mumbles some strange prayers to Beogh against you.
Pain shoots through your body!
You die...
Kikubaaqudgha rasps: "You have failed me!
Welcome... death!"

##..#####... #.....
#........... .. #..).
#........... ... #....
#........... ...##....
#...........
P...^...########...##...
PP...#≈.##..####...#....
.....o#†.......#...)..#'
P...≈#≈@.......#...#†)#_
....≈.^........#..)#..##
...##..........#...#....
. #..........'...#....
#...##..####.####..#
#############.####..#
#.............#.....#
#.............#.....'
#..........(..#.....#


You could see an orc priest.

Vanquished Creatures
  An orc priest (D:3)
  Jessica (D:3)
  Terence (D:3)
  A worker ant (D:3)
  An orc wizard (D:3)
  12 gnolls
  5 adders
  An ooze (D:2)
  A worm (D:2)
  2 giant geckos
  8 orcs
  12 bats
  A giant cockroach (D:2)
  9 hobgoblins
  3 jackals (D:2)
  6 kobolds
  4 quokkas
  A giant gecko skeleton (D:3)
  7 giant newts
  11 goblins
  9 rats
97 creatures vanquished.

Notes
Turn   | Place    | Note
--------------------------------------------------------------
     0 | D:1      | Cookie the Demonspawn Fighter began the quest for the Orb.
     0 | D:1      | Reached XP level 1. HP: 18/18 MP: 1/1
   235 | D:1      | Gained mutation: You are partially covered in sharp spines. [demonic ancestry]
   235 | D:1      | Reached XP level 2. HP: 24/24 MP: 2/2
   739 | D:2      | Reached XP level 3. HP: 29/29 MP: 3/3
   865 | D:2      | Found an ancient bone altar of Kikubaaqudgha.
   886 | D:2      | Became a worshipper of Kikubaaqudgha
   922 | D:2      | Reached skill level 4 in Armour
  1305 | D:2      | Gained mutation: You are immune to rotting. [demonic ancestry]
  1305 | D:2      | Reached XP level 4. HP: 35/35 MP: 4/4
  1770 | D:2      | Reached skill level 5 in Armour
  2054 | D:3      | Reached * piety under Kikubaaqudgha
  2054 | D:3      | Received a gift from Kikubaaqudgha
  2062 | D:3      | Identified Kikubaaqudgha's Compendium of Black Rituals (Kikubaaqudgha gifted it to you on level 3 of the Dungeon)
  2063 | D:3      | Reached XP level 5. HP: 38/41 MP: 5/5
  2074 | D:3      | Found an iron altar of Okawaru.
  2138 | D:3      | Noticed Terence
  2151 | D:3      | Killed Terence
  2461 | D:3      | Found a sparkling altar of Nemelex Xobeh.
  2517 | D:3      | Reached skill level 6 in Armour
  2521 | D:3      | Reached XP level 6. HP: 21/47 MP: 6/6
  2789 | D:3      | Noticed Jessica
  2796 | D:3      | Killed Jessica
  2966 | D:4      | Found a shattered altar of Ashenzari.
  3245 | D:4      | Found a stormy altar of Qazlal.
  3263 | D:4      | Killed from afar by an orc priest

Action                   |  1- 3 |  4- 6 || total
-------------------------+-------+-------++-------
Melee: Trident           |    75 |   122 ||   197
  Eat: Chunk             |       |     8 ||     8
